 Dungeon Crawl Stone Soup version 0.14-a0-1192-g192f278 (webtiles) character file.

417 Psiweapon the Sneak (level 6, -1/54 HPs)
             Began as a Naga Warper on Dec 1, 2013.
             Slain by a crocodile zombie (11 damage)
             ... on Level 4 of the Dungeon.
             The game lasted 00:24:50 (4465 turns).

Psiweapon the Sneak (Naga Warper)                   Turns: 4465, Time: 00:24:50

HP  -1/54        AC  5     Str 13      XL: 6   Next: 42%
MP   1/9         EV  9     Int 16      God:
Gold 106         SH  8     Dex 10      Spells:  2 memorised,  6 levels left

rFire  + . .     SeeInvis +     a - +0 spear
rCold  . . .     Clarity  .     s - +2 robe {rF+}
rNeg   . . .     Conserve .     m - +0 dwarf buckler
rPois  +         rCorr    .     (no helmet)
rElec  .         rRot     .     (no cloak)
SustAb . .       Spirit   .     (no gloves)
rMut   .         Warding  .     (no barding)
Saprov . . .     Stasis   .     (no amulet)
                                (no ring)
                                (no ring)

@: very slow, somewhat resistant to hostile enchantments, stealthy
A: spit poison, see invisible, deformed body, poison resistance, slowness 2, AC
+2
a: Spit Poison


You were on level 4 of the Dungeon.
You were hungry.

You visited 1 branch of the dungeon, and saw 5 of its levels.

You collected 106 gold pieces.

Inventory:

Hand weapons
 a - a +0,+0 spear (weapon)
 j - a cursed +0,+0 orcish dagger
 o - a +0,+0 short sword
Missiles
 e - 45 darts (quivered)
 f - 8 darts of dispersal
Armour
 b - a +0 leather armour
 m - a +0 dwarven buckler (worn)
 s - a +2 robe of fire resistance (worn)
Magical devices
 x - a wand of magic darts (0)
Comestibles
 g - 4 bread rations
 i - a choko
 l - a pear
 n - 2 meat rations
 A - 2 chunks of worker ant flesh
Scrolls
 d - a scroll of blinking
 h - 2 scrolls of enchant weapon II {unknown}
 k - a scroll of fear {unknown}
 q - 2 scrolls of curse armour {unknown}
 r - 3 scrolls of fog {unknown}
 u - 2 scrolls of amnesia {unknown}
 w - a scroll of enchant armour {unknown}
 y - 2 scrolls of identify {unknown}
 B - a scroll of magic mapping {unknown}
 G - a scroll of teleportation {unknown}
Potions
 p - a potion of poison {unknown}
 t - a potion of lignification
 v - a potion of paralysis {unknown}
 z - a potion of speed {unknown}
 E - a potion of curing {unknown}
 F - a potion of beneficial mutation {unknown}
Books
 c - a book of Spatial Translocations

   Spells                             Type                      Level
   *Apportation                       Translocation                1
   Portal Projectile                  Translocation                2
   *Blink                             Translocation                2
   Shroud of Golubria                 Charms/Translocation         2
   Teleport Other                     Translocation                3
   Passage of Golubria                Translocation                4


   Skills:
 + Level 3.5 Fighting
 + Level 3.3 Polearms
 - Level 1.0 Throwing
 - Level 1.0 Armour
 - Level 2.0 Dodging
 + Level 4.8 Stealth
 + Level 2.1 Shields
 - Level 2.0 Spellcasting
 - Level 3.0 Translocations


You had 6 spell levels left.
You knew the following spells:

 Your Spells              Type           Power        Failure   Level  Hunger
a - Apportation           Tloc           ##........   8%          1    #......
b - Blink                 Tloc           N/A          10%         2    ###....


Dungeon Overview and Level Annotations

Branches:
Dungeon (5/16)
 Temple: D:4-7

Altars:
Makhleb


Innate Abilities, Weirdness & Mutations

You cannot wear boots.
You can spit poison.
Your serpentine skin is tough (AC +2).
You have supernaturally acute eyesight.
Armour fits poorly on your strangely shaped body.
Your system is resistant to poisons.
You cover ground very slowly.


Message History

You hit the crocodile zombie. The crocodile zombie barely misses you.
You barely miss the crocodile zombie. You barely miss the crocodile zombie.
The crocodile zombie barely misses you.
You hit the crocodile zombie but do no damage.
The crocodile zombie barely misses you.
You hit the crocodile zombie but do no damage.
Use which ability? (? or * to list)
You can't do that.
Casting: Blink
Confirm with . or Enter, or press ? or * to list all spells.
You blink.
You hit the crocodile zombie. You hit the crocodile zombie.
You block the crocodile zombie's attack.
You hit the crocodile zombie. The crocodile zombie barely misses you.
You barely miss the crocodile zombie. You barely miss the crocodile zombie.
The crocodile zombie bites you!
* * * LOW HITPOINT WARNING * * *
You hit the crocodile zombie. The crocodile zombie bites you!
You die...

###.......#
.##.......#
..........#
###.......# ##'######
#.# #<# #.# ##+####
#.# #.@...# #.#
###.Z...#
#.########.'.....#
####.##.......#.....#
........#######.....#
####.#### #.....# #.#
#.....+ #.# #.$...#
#.# #.)...#


You could see a crocodile zombie.

Vanquished Creatures
  Sigmund (D:2)
  A hound (D:3)
  A centaur skeleton (D:4)
  A worker ant (D:4)
  Ijyb (D:4)
  Jessica (D:3)
  5 adders
  A giant gecko (D:2)
  2 orcs (D:3)
  11 bats
  8 hobgoblins
  12 jackals
  3 quokkas (D:3)
  A ball python (D:2)
  2 giant cockroaches
  2 giant newts
  8 goblins
  14 kobolds
  A kobold skeleton (D:4)
  4 rats
80 creatures vanquished.

Notes
Turn   | Place    | Note
--------------------------------------------------------------
     0 | D:1      | Psiweapon, the Naga Warper, began the quest for the Orb.
     0 | D:1      | Reached XP level 1. HP: 18/18 MP: 1/1
    86 | D:1      | Reached skill level 1 in Armour
   360 | D:1      | Reached skill level 1 in Throwing
   518 | D:1      | Reached XP level 2. HP: 25/25 MP: 3/3
  1226 | D:1      | Reached XP level 3. HP: 31/31 MP: 4/4
  1325 | D:1      | Reached skill level 1 in Stealth
  1973 | D:2      | Noticed Sigmund
  2005 | D:2      | Killed Sigmund
  2005 | D:2      | Reached skill level 1 in Shields
  2005 | D:2      | Reached XP level 4. HP: 2/39 MP: 6/6
  2005 | D:2      | Reached XP level 5. HP: 2/45 MP: 7/7
  2477 | D:2      | Learned a level 2 spell: Blink
  2670 | D:4      | Noticed Ijyb
  3149 | D:3      | Noticed Jessica
  3163 | D:3      | Killed Jessica
  3163 | D:3      | Reached skill level 4 in Stealth
  3330 | D:3      | Found a burning altar of Makhleb.
  3383 | D:3      | Reached XP level 6. HP: 52/54 MP: 9/9
  3687 | D:5      | Entered Level 5 of the Dungeon
  4006 | D:4      | Killed Ijyb
  4465 | D:4      | Slain by a crocodile zombie

Action                   |  1- 3 |  4- 6 || total
-------------------------+-------+-------++-------
Melee: Spear             |    96 |   235 ||   331
Throw: Dart              |    18 |    14 ||    32
 Cast: Blink             |       |     5 ||     5
 Abil: Spit Poison       |    20 |    17 ||    37
  Use: Potion            |       |     1 ||     1
 Stab: Sleeping          |       |     5 ||     5
